AoeStats
← Geringa1998

Arabia

503704711Analyzed
1v1 RM · 1mo ago on Sep 1, 2026· 51m 59s· 2 players
Game mode
Random Map
Map size
Tiny (2 player)
Population
200
Speed
Normal
Resources
Standard
Victory
Conquest
Starting age
Dark Age
Ending age
Imperial Age
RankedLock teamsTeams togetherTeam positionsShared explorationLock speedFull tech treeHidden civsTurbo modeCheats
Victory
Defeat
🇬🇧 Vikings · United Kingdom
759
+13
🇦🇷 Mongols · Argentina
703
-13
Geringa1998
7:37 Loom
9:39 Feudal Age
16:07 Castle Age
14:50 Double-Bit Axe
15:09 Town Watch
24:53 Light Cavalry
26:32 Bloodlines
26:34 Murder Holes
30:25 Wheelbarrow
30:34 Bow Saw
31:12 Thumb Ring
30:27 Crossbowman
31:01 Stone Mining
37:54 Imperial Age
37:38 Ballistics
37:23 Padded Archer Armor
37:28 Scale Barding Armor
37:34 Forging
39:58 Elite Steppe Lancer
40:43 Husbandry
41:34 Horse Collar
42:25 Onager
44:18 Town Patrol
44:48 Chain Barding Armor
46:15 Chemistry
48:00 Pikeman
Threadus
4:36 Loom
10:15 Feudal Age
10:41 Double-Bit Axe
20:41 Castle Age
19:10 Fletching
20:49 Pikeman
21:18 Crossbowman
26:14 Forging
28:53 Iron Casting
29:48 Gold Mining
34:36 Imperial Age
33:15 Squires
35:52 Conscription
35:35 Bogsveigar
35:58 Ballistics
37:36 Arbalester
40:54 Cavalier
42:41 Blast Furnace
42:44 Chemistry
43:01 Stone Mining
43:41 Bodkin Arrow
44:24 Scale Barding Armor
49:17 Chain Barding Armor
Connection lost

Rejoining the realm…

Still unreachable

The connection could not be restored.

Session expired

The server has moved on; the page needs a fresh start.